 Dungeon Crawl Stone Soup version 0.21.0-3-g78d12a8 (webtiles) character file.

14578 komo4ek the Carver (level 12, -6/115 HPs)
             Began as a Gargoyle Fighter on Jan 9, 2018.
             Was a High Priest of Cheibriados.
             Mangled by a two-headed ogre
             ... wielding a +0 giant spiked club
              (13 damage)
             ... on level 12 of the Dungeon.
             The game lasted 00:32:50 (10806 turns).

komo4ek the Carver (Gargoyle Fighter)              Turns: 10806, Time: 00:32:51

Health: -6/115     AC: 26    Str: 37    XL:     12   Next: 18%
Magic:  12/12      EV:  2    Int: 22    God:    Cheibriados [*****.]
Gold:   824        SH: 15    Dex: 23    Spells: 11/11 levels left

rFire    + . .     SeeInvis .   N - +3 scimitar (flame)
rCold    . . .     Gourm    .   c - +0 shield
rNeg     + + +     Faith    .   (armour currently unavailable)
rPois    ∞         Spirit   .   (helmet currently unavailable)
rElec    .         Reflect  .   (cloak currently unavailable)
rCorr    .         Harm     .   (gloves currently unavailable)
MR       +....     NoTele   +   (boots currently unavailable)
Stlth    ++........             S - amulet of magic regeneration
HPRegen  0.29/turn              l - ring of protection from magic
MPRegen  0.38/turn              O - ring of protection from fire

@: tree-form, very slow
A: negative energy resistance 1, petrification resistance, rot immunity, AC +8
a: Bend Time, Temporal Distortion, Slouch, Step From Time, Renounce Religion


You were on level 12 of the Dungeon.
You worshipped Cheibriados.
Cheibriados was extremely pleased with you.
You were not hungry.
You were a tree.
You visited 2 branches of the dungeon, and saw 13 of its levels.

You collected 824 gold pieces.

Inventory:

Hand Weapons
 a - a +0 long sword
 d - a +0 scimitar of electrocution
 N - a +3 scimitar of flaming (weapon)
Missiles
 C - 3 throwing nets (quivered)
Armour
 b - a +0 scale mail
 c - a +0 shield (worn)
 e - a +0 cloak (melded)
 n - a +0 pair of boots (melded)
 A - a +4 ring mail of positive energy (melded)
 M - a +0 plate armour
Jewellery
 l - a ring of protection from magic (left branch)
 m - an uncursed ring of positive energy
 q - an uncursed ring of protection from cold
 J - an uncursed ring of positive energy
 O - a ring of protection from fire (right branch)
 S - an amulet of magic regeneration (around neck)
Wands
 k - a wand of disintegration (11)
 y - a wand of random effects (27)
 K - a wand of polymorph (23)
 L - a wand of iceblast (11)
 R - a wand of digging (15)
 T - a wand of paralysis (18)
 V - a wand of acid (8)
Scrolls
 g - 4 scrolls of teleportation
 i - 8 scrolls of identify
 j - 3 scrolls of amnesia {unknown}
 o - 2 scrolls of enchant armour
 p - a scroll of immolation
 r - a scroll of magic mapping
 s - 8 scrolls of remove curse
 x - a scroll of random uselessness {unknown}
 F - 3 scrolls of enchant weapon {unknown}
 H - 2 scrolls of blinking {unknown}
 I - 2 scrolls of fog {unknown}
 U - a scroll of vulnerability {unknown}
Potions
 t - 2 potions of brilliance
 u - a potion of mutation {unknown}
 v - 4 potions of flight
 w - a potion of degeneration {unknown}
 z - 3 potions of cancellation
 B - 4 potions of lignification
 D - 2 potions of curing {unknown}
 E - a potion of magic {unknown}
 P - 2 potions of berserk rage {unknown}
Books
 Q - a book of Flames

   Spells                             Type                      Level
   a - Flame Tongue                   Conjuration/Fire             1
   b - Throw Flame                    Conjuration/Fire             2
   c - Conjure Flame                  Conjuration/Fire             3
   d - Inner Flame                    Hexes/Fire                   3
   e - Sticky Flame                   Conjuration/Fire             4
   f - Fireball                       Conjuration/Fire             5
Comestibles
 f - 15 rations


   Skills:
 + Level 10.1 Fighting
 * Level 11.3 Long Blades
 + Level 10.1 Armour
 + Level 10.1 Shields


You had 11 spell levels left.
You didn't know any spells.

Dungeon Overview and Level Annotations

Branches:
Dungeon (12/15)            Temple (1/1) D:5            Lair (0/6) D:11
    Orc (0/2) D:11

Altars:
Ashenzari
Cheibriados
Dithmenos
Elyvilon
Fedhas
Gozag
Hepliaklqana
Kikubaaqudgha
Makhleb
Nemelex Xobeh
Okawaru
Qazlal
Ru
Sif Muna
Trog
Uskayaw
Vehumet
Wu Jian
Xom
Yredelemnul
Zin
The Shining One

Shops:
D:8 (

Annotations:
D:12 Harold


Innate Abilities, Weirdness & Mutations

You are resistant to torment.
((Your stone body is resilient. (AC +8)))
You are immune to poison.
You resist negative energy. (rN+)
((You are resistant to electric shocks. (rElec)))
((You can survive without breathing.))
You are immune to petrification.
You are immune to rotting.


Message History

Harold is almost dead.
The gargoyle hurls a stone arrow at you.
You block the stone arrow. Harold hits you but does no damage.
Your shield prevents you from hitting Harold.
Harold is almost dead.
The gargoyle hits you but does no damage.
You hit Harold but do no damage.
Harold is almost dead.
The two-headed ogre is no longer paralysed.
Harold gestures at you while chanting. The bolt of fire hits you! You resist.
* * * LOW HITPOINT WARNING * * *
The two-headed ogre hits you with a giant spiked club.
* * * LOW HITPOINT WARNING * * *
The two-headed ogre barely misses you. The gargoyle hits you with a mace.
* * * LOW HITPOINT WARNING * * *
It was a potion of flight.
Your roots keep you in place.
Harold hits you but does no damage.
The two-headed ogre hits you with a giant spiked club!
You die...

#.<# .... #. #..#
.... #... #..#
..... #...
#..##.....
....##.........
#..............
#..............
#...#.9O#
#...#..♣#
#...#.@.# .#
#...#...#..#
####...#...#..#
.......#......#
......#
#...#..^...# ...
......#
#......##..###...
......#
#......##........
......#
#......##........


You could see Harold, a two-headed ogre and a gargoyle.

Vanquished Creatures
  Josephine (D:10)
  Erica (D:8)
  2 two-headed ogres
  An unseen horror (D:10)
  Joseph (D:10)
  Psyche (D:8)
  A gargoyle (D:12)
  5 trolls
  The ghost of komo4ek the Bolt Thrower, an amateur HuHu of Okawaru (D:4)
  Prince Ribbit (D:7)
  3 hippogriffs
  3 wraiths (D:10)
  The ghost of komo4ek the Covert, an amateur SpAs of Uskayaw (D:5)
  2 wyverns
  3 yaks (D:9)
  2 hungry ghosts (D:9)
  A basilisk (D:11)
  A soldier ant (D:12)
  2 porcupines (D:11)
  2 ice beasts
  A hornet zombie (D:5)
  7 orc warriors
  5 sky beasts
  2 black bears (D:11)
  A necrophage (D:9)
  2 phantoms
  11 ogres
  2 wolves (D:11)
  4 centaurs
  3 crocodiles (D:11)
  3 big kobolds
  8 bullfrogs
  4 scorpions
  3 killer bees (D:9)
  4 howler monkeys
  8 wights
  A bullfrog zombie (D:8)
  7 crimson imps
  A centaur zombie (D:9)
  A hound (D:7)
  4 jellies
  Crazy Yiuf (D:2)
  4 orc priests
  A centaur skeleton (D:12)
  Ijyb (D:3)
  7 iguanas
  3 orc wizards
  6 worker ants
  Terence (D:3)
  A hound zombie (D:7)
  A hound skeleton (D:6)
  A worker ant zombie (D:9)
  13 gnolls
  13 adders
  A shadow imp (D:4)
  An adder skeleton (D:4)
  2 worms (D:2)
  3 dart slugs (D:1)
  3 leopard geckos
  31 orcs
  2 ball pythons
  5 bats
  3 giant cockroaches
  4 goblins
  A hobgoblin (D:1)
  9 jackals
  A ball python zombie (D:5)
  5 frilled lizards
  18 kobolds
  A leopard gecko skeleton (D:6)
  A quokka zombie (D:5)
  6 rats
267 creatures vanquished.

Vanquished Creatures (others)
  An orc wizard (D:4)
  2 plants (D:11)
  A withered plant (D:6)
4 creatures vanquished.

Grand Total: 271 creatures vanquished

Notes
Turn   | Place    | Note
-------+----------+-------------------------------------------
     0 | D:1      | komo4ek the Gargoyle Fighter began the quest for the Orb.
     0 | D:1      | Reached XP level 1. HP: 14/14 MP: 1/1
   226 | D:1      | Reached skill level 2 in Long Blades
   238 | D:1      | Reached XP level 2. HP: 15/19 MP: 2/2
   759 | D:1      | Reached XP level 3. HP: 23/23 MP: 3/3
  1468 | D:1      | Reached XP level 4. HP: 29/29 MP: 4/4
  1754 | D:2      | Found a runed door.
  1758 | D:2      | Noticed Crazy Yiuf
  1766 | D:2      | Killed Crazy Yiuf
  1766 | D:2      | Reached skill level 3 in Long Blades
  2185 | D:3      | Found an ornate altar of the Wu Jian Council.
  2202 | D:3      | Reached XP level 5. HP: 32/33 MP: 5/5
  2348 | D:3      | Noticed Ijyb
  2506 | D:3      | Killed Ijyb
  2566 | D:3      | Reached XP level 6. HP: 39/39 MP: 6/6
  2620 | D:3      | Noticed Terence
  2629 | D:3      | Killed Terence
  2781 | D:3      | Reached skill level 4 in Long Blades
  2881 | D:3      | Found a white marble altar of Elyvilon.
  3246 | D:4      | Reached XP level 7. HP: 26/44 MP: 7/7
  3303 | D:4      | Noticed komo4ek's ghost (amateur HuHu)
  3326 | D:4      | Killed komo4ek's ghost
  3326 | D:4      | Reached skill level 5 in Fighting
  3326 | D:4      | Reached skill level 5 in Armour
  3326 | D:4      | Reached skill level 5 in Shields
  3330 | D:4      | Reached skill level 5 in Long Blades
  3723 | D:4      | Reached XP level 8. HP: 36/50 MP: 8/8
  3804 | D:5      | Entered Level 5 of the Dungeon
  4008 | D:5      | Noticed komo4ek's ghost (amateur SpAs)
  4058 | D:5      | Killed komo4ek's ghost
  4155 | D:5      | Reached skill level 6 in Long Blades
  4595 | D:5      | Found a staircase to the Ecumenical Temple.
  4632 | Temple   | Entered the Ecumenical Temple
  4745 | Temple   | Became a worshipper of Cheibriados the Contemplative
  5033 | D:6      | Found a sacrificial altar of Ru.
  5298 | D:6      | Reached * piety under Cheibriados
  5304 | D:6      | Reached XP level 9. HP: 25/56 MP: 9/9
  5466 | D:6      | Found a hide-covered altar of Uskayaw.
  5501 | D:6      | Found an ancient bone altar of Kikubaaqudgha.
  5749 | D:6      | Found a shimmering altar of Xom.
  5749 | D:6      | Found a bloodstained altar of Trog.
  5751 | D:6      | Found a shattered altar of Ashenzari.
  5751 | D:6      | Found a glowing golden altar of the Shining One.
  5751 | D:6      | Found a bloodstained altar of Trog.
  5858 | D:6      | Found a stormy altar of Qazlal.
  5861 | D:6      | Found a sparkling altar of Nemelex Xobeh.
  5861 | D:6      | Found a deep blue altar of Sif Muna.
  5861 | D:6      | Found a glowing golden altar of the Shining One.
  5861 | D:6      | Found a hide-covered altar of Uskayaw.
  5862 | D:6      | Found a hazy altar of Hepliaklqana.
  5862 | D:6      | Found a basalt altar of Yredelemnul.
  5862 | D:6      | Found a burning altar of Makhleb.
  5869 | D:6      | Reached skill level 7 in Long Blades
  6535 | D:7      | Reached ** piety under Cheibriados
  6551 | D:7      | Noticed Prince Ribbit
  6559 | D:7      | Killed Prince Ribbit
  6744 | D:8      | Reached skill level 8 in Long Blades
  6775 | D:8      | Found Ovvobra's Antique Weapon Shoppe.
  6809 | D:8      | Reached XP level 10. HP: 50/63 MP: 10/10
  7085 | D:8      | Found a glowing golden altar of the Shining One.
  7157 | D:8      | Noticed Erica
  7186 | D:8      | Killed Erica
  7186 | D:8      | Reached skill level 9 in Long Blades
  7244 | D:8      | Noticed Psyche
  7256 | D:8      | Killed Psyche
  7321 | D:8      | Reached *** piety under Cheibriados
  8000 | D:9      | Reached XP level 11. HP: 16/69 MP: 11/11
  8051 | D:9      | Reached **** piety under Cheibriados
  8729 | D:10     | Entered Level 10 of the Dungeon
  8729 | D:10     | Noticed a two-headed ogre
  8733 | D:10     | Killed a two-headed ogre
  8733 | D:10     | Reached skill level 10 in Long Blades
  9024 | D:10     | Noticed Josephine
  9036 | D:10     | Killed Josephine
  9061 | D:10     | Noticed Joseph
  9074 | D:10     | Killed Joseph
  9100 | D:10     | Found an ancient bone altar of Kikubaaqudgha.
  9679 | D:10     | Killed an unseen horror
  9877 | D:11     | Reached ***** piety under Cheibriados
  9894 | D:11     | Found a staircase to the Orcish Mines.
 10075 | D:11     | Reached skill level 11 in Long Blades
 10076 | D:11     | Found a staircase to the Lair.
 10132 | D:11     | Noticed a two-headed ogre
 10139 | D:11     | Killed a two-headed ogre
 10139 | D:11     | Reached XP level 12. HP: 58/77 MP: 12/12
 10261 | D:11     | Reached skill level 10 in Armour
 10261 | D:11     | Reached skill level 10 in Shields
 10271 | D:11     | Reached skill level 10 in Fighting
 10766 | D:12     | Noticed Harold
 10769 | D:12     | Noticed a two-headed ogre
 10806 | D:12     | Mangled by a two-headed ogre

Skill      XL: |  1  2  3  4  5  6  7  8  9 10 11 12 |
---------------+-------------------------------------+-----
Long Blades    | 2 3 4 5 6 8 9 11 | 11.3
Fighting       | 4 5 6 7 8 9 10 | 10.1
Armour         | 4 5 6 7 8 9 10 | 10.1
Shields        | 4 5 6 7 8 9 10 | 10.1

Action                   |  1- 3 |  4- 6 |  7- 9 | 10-12 || total
-------------------------+-------+-------+-------+-------++-------
Melee: Long sword        |    70 |   231 |   272 |       ||   573
       Scimitar          |       |       |   165 |   449 ||   614
Evoke: Wand              |       |       |     3 |    13 ||    16
  Use: Potion            |       |       |     4 |     7 ||    11
       Scroll            |       |       |     7 |     1 ||     8
 Stab: Sleeping          |       |       |       |     1 ||     1
  Eat: Ration            |     1 |     2 |     3 |     3 ||     9
Armor: Scale mail        |    32 |    66 |       |       ||    98
       Ring mail         |       |    56 |   213 |   274 ||   543
       Plate armour      |       |       |     4 |       ||     4
       Skin              |       |       |       |     4 ||     4
Dodge: Dodged            |    18 |    51 |   117 |   142 ||   328
Block: Shield            |    29 |   106 |   243 |   326 ||   704
       Rpst.: Long sword |     6 |    20 |    21 |       ||    47
       Scimitar          |       |       |     8 |    30 ||    38
